LOS ANGELES vs BOSTON

Created - February-22-21 at 13:23

Goals
1 2 3 OT1 SO T
LOS ANGELES 2 1 0 0 2 4
BOSTON 1 0 2 0 0 3
Shots
1 2 3 OT1 SO T
LOS ANGELES 13 13 9 2 2 37
BOSTON 4 8 7 1 2 20

1st period

1. LOS ANGELES , Mika Zibanejad 16 (Kris Letang 14) at 10:41
2. LOS ANGELES , Vladislav Namestnikov 4 (Johnny Boychuk 7, Artem Anisimov 2) at 12:46
3. BOSTON , Blake Comeau 7 (Ivan Barbashev 10, Alec Martinez 10) at 15:39

Penalties :
No Penalty

2nd period

4. LOS ANGELES , Mike Hoffman 7 (Nick Bonino 8, Jonathan Toews 18) at 11:00

Penalties :
Johnny Boychuk (LOS) for Slashing (Double Minor) at 2:08, Philippe Myers (BOS) for Cross-checking (Minor) at 7:16, Matthew Tkachuk (LOS) for Interference (Minor) at 12:47, Philippe Myers (BOS) for Holding (Minor) at 15:01

3rd period

5. BOSTON , Blake Comeau 8 (Ilya Kovalchuk 4) at 4:11 (PP)
6. BOSTON , Ilya Kovalchuk 7 (Ivan Barbashev 11, Filip Hronek 10) at 5:13

Penalties :
Mike Hoffman (LOS) for Holding (Minor) at 3:31, Juuso Valimaki (BOS) for Slashing (Minor) at 7:20, Zdeno Chara (LOS) for Cross-checking (Minor) at 10:16

Overtime #1

No Goal

Penalties :
No Penalty

Shootout

LOS ANGELES, Mika Zibanejad - Goal!
BOSTON, Reilly Smith - Stopped by Antti Raanta
LOS ANGELES, Jonathan Toews - Goal!
BOSTON, William Nylander - Stopped by Antti Raanta

Penalties :
No Penalty

Goalie Stats

Antti Raanta (LOS), 17 saves from 20 shots - (0.850), W, 15-10-1, 65:00 minutes
Martin Jones (BOS), 34 saves from 37 shots - (0.919), OTL, 12-9-2, 65:00 minutes

Players Stats for LOS ANGELES

Player Name              G  A  P  +/- PIM S  H  SB GA TA FO     MP     PP MP  PK MP  
------------------------------------------------------------------------------------
Alex Goligoski           0  0  0  -1  0   2  2  0  0  0  0/0    20:50   2:42   4:24 
Artem Anisimov           0  1  1   0  0   4  0  0  0  0  0/1    11:21   0:00   0:00 
Gabriel Bourque          0  0  0  -1  0   0  1  0  0  0  0/0     6:16   0:00   0:00 
Johnny Boychuk           0  1  1   1  4   1  4  0  0  0  0/0    15:06   0:00   0:00 
Jonathan Toews           0  1  1   1  0   2  2  0  0  0  11/20  24:09   2:52   4:56 
Josh Manson              0  0  0   1  0   1  0  0  0  0  0/0    14:03   0:00   1:27 
Kris Letang              0  1  1   1  0   3  2  2  0  0  0/0    25:38   3:15   4:13 
Matthew Tkachuk          0  0  0   1  2   4  5  0  0  0  1/3    19:24   3:05   1:48 
Mika Zibanejad           1  0  1   1  0   3  0  1  0  0  16/34  22:59   3:05   5:22 
Mike Hoffman             1  0  1   1  2   5  2  0  0  0  2/3    17:53   2:52   0:10 
Nick Bonino              0  1  1   1  0   4  1  0  0  0  0/2    17:44   2:52   0:00 
Nick Cousins             0  0  0  -1  0   1  2  0  0  0  3/6     6:16   0:00   0:00 
Riley Nash               0  0  0  -1  0   0  1  0  0  0  1/1     6:16   0:00   0:00 
Ryan McDonagh            0  0  0   1  0   0  0  4  0  0  0/0    25:28   3:15   4:03 
Travis Zajac             0  0  0   0  0   0  0  0  0  0  7/10   15:12   0:00   0:26 
Tyler Seguin             0  0  0   1  0   4  3  1  0  0  0/0    20:47   3:05   2:49 
Vladislav Namestnikov    1  0  1   0  0   2  1  0  0  0  1/3    13:04   0:00   1:43 
Zdeno Chara              0  0  0  -1  2   1  1  1  0  0  0/0    23:53   2:42   3:07 

Players Stats for BOSTON

Player Name              G  A  P  +/- PIM S  H  SB GA TA FO     MP     PP MP  PK MP  
------------------------------------------------------------------------------------
Alec Martinez            0  1  1   0  0   1  0  1  0  0  0/0    21:45   4:19   2:31 
Aleksi Saarela           0  0  0   0  0   0  0  0  0  0  0/0     0:00   0:00   0:00 
Alexandre Texier         0  0  0   0  0   0  0  0  0  0  4/7     7:43   0:00   0:08 
Andrew Mangiapane        0  0  0   0  0   0  1  0  0  0  0/2    14:59   0:00   0:00 
Blake Comeau             2  0  2   0  0   4  4  0  0  0  0/1    17:13   3:40   0:00 
Casey Mittelstadt        0  0  0   0  0   0  0  0  0  0  7/17   16:55   0:00   0:00 
Filip Hronek             0  1  1   0  0   0  2  0  0  0  0/0    21:05   4:19   2:31 
Ilya Kovalchuk           1  1  2   0  0   2  0  1  0  0  0/0    19:11   3:40   1:58 
Ivan Barbashev           0  2  2   0  0   3  0  0  0  0  11/20  17:13   3:40   0:00 
Ivan Provorov            0  0  0  -1  0   2  4  1  0  0  0/0    24:35   4:18   3:26 
Juuso Valimaki           0  0  0   0  2   1  1  1  0  0  0/0    16:49   0:00   0:00 
Kevin Fiala              0  0  0  -1  0   0  1  0  0  0  1/4    20:40   4:57   1:58 
Miles Wood               0  0  0   0  0   3  1  1  0  0  1/2    14:59   0:00   0:00 
Miro Heiskanen           0  0  0  -1  0   1  2  2  0  0  0/0    26:25   4:18   3:26 
Nicolas Roy              0  0  0   0  0   0  0  0  0  0  0/0     1:07   0:00   0:00 
Philippe Myers           0  0  0   0  4   2  4  4  0  0  0/0    14:18   0:00   0:00 
Reilly Smith             0  0  0  -1  0   1  1  0  0  0  4/8    24:35   4:57   3:51 
Victor Olofsson          0  0  0   0  0   0  1  0  0  0  2/2     7:35   0:00   0:00 
William Nylander         0  0  0  -1  0   0  0  0  0  0  11/20  21:53   4:57   3:59 

3 Stars

1 - Blake Comeau (BOS)
2 - Ilya Kovalchuk (BOS)
3 - Mika Zibanejad (LOS)

Power Play

LOS ANGELES - 0 on 3 Attempt(s) - 0.00%
BOSTON - 1 on 5 Attempt(s) - 20.00%

Penalty Kill

LOS ANGELES - 4 on 5 Attempt(s) - 80.00% - Score 0 goal in Penalty Kill
BOSTON - 3 on 3 Attempt(s) - 100.00% - Score 0 goal in Penalty Kill

Team Stat

LOS ANGELES - Hits : 27 - Faceoff Wins : 42 - Blocked Shots : 9 - Penalty Minutes : 10
BOSTON - Hits : 22 - Faceoff Wins : 41 - Blocked Shots : 11 - Penalty Minutes : 6

Official

Referees : Kenny Anderson and Justin Kea
Linesman : Libor Suchanek and Shaun Morgan

Game Notes

No Game Note

Finance

Level 1 -- Attendance: 5941 (99.02%) -- Ticket Income $475,280
Level 2 -- Attendance: 4747 (94.94%) -- Ticket Income $261,085
Level 3 -- Attendance: 1949 (97.45%) -- Ticket Income $68,215
Level 4 -- Attendance: 3895 (97.38%) -- Ticket Income $66,215
Luxury Box -- Attendance: 1000 (100.00%) -- Ticket Income $180,000
Game was played at the TD Garden.
Total Attendance: 17532 (97.40%)
Total Ticket Income: $1,050,795
Total Income: $1,050,795

LOS ANGELES

5 vs 5 Forward 
   Center                   Left Wing                Right Wing               Time % Phy DF OF 
 1 Mika Zibanejad           Matthew Tkachuk          Tyler Seguin             40     1   2  2  
 2 Jonathan Toews           Nick Bonino              Mike Hoffman             35     1   2  2  
 3 Travis Zajac             Vladislav Namestnikov    Artem Anisimov           20     1   2  2  
 4 Nick Cousins             Gabriel Bourque          Riley Nash               5      1   2  2  

5 vs 5 Defense 
   Defense                  Defense                                           Time % Phy DF OF 
 1 Kris Letang              Ryan McDonagh                                     35     1   2  2  
 2 Zdeno Chara              Alex Goligoski                                    30     1   2  2  
 3 Johnny Boychuk           Josh Manson                                       25     1   2  2  
 4 Kris Letang              Ryan McDonagh                                     10     1   2  2  

PowerPlay Forward 
   Center                   Left Wing                Right Wing               Time % Phy DF OF 
 1 Mika Zibanejad           Matthew Tkachuk          Tyler Seguin             60     1   2  2  
 2 Jonathan Toews           Nick Bonino              Mike Hoffman             40     1   2  2  

PowerPlay Defense
   Defense                  Defense                                           Time % Phy DF OF 
 1 Kris Letang              Ryan McDonagh                                     60     1   2  2  
 2 Zdeno Chara              Alex Goligoski                                    40     1   2  2  

Penalty Kill 4 Players Forward 
   Center                   Wing                     Time % Phy DF OF 
 1 Mika Zibanejad           Jonathan Toews           60     1   2  2  
 2 Matthew Tkachuk          Tyler Seguin             40     1   2  2  

Penalty Kill 4 Players Defense
   Defense                  Defense                  Time % Phy DF OF 
 1 Kris Letang              Ryan McDonagh            60     1   2  2  
 2 Zdeno Chara              Alex Goligoski           40     1   2  2  

Penalty Kill - 3 Players Forward 
   Forward                                           Time % Phy DF OF 
 1 Mika Zibanejad                                    60     1   2  2  
 2 Jonathan Toews                                    40     1   2  2  

Penalty Kill - 3 Players Defense
   Defense                  Defense                  Time % Phy DF OF 
 1 Kris Letang              Ryan McDonagh            60     1   2  2  
 2 Zdeno Chara              Alex Goligoski           40     1   2  2  

4 vs 4 Forward 
   Center                   Wing                     Time % Phy DF OF 
 1 Mika Zibanejad           Jonathan Toews           60     1   2  2  
 2 Matthew Tkachuk          Tyler Seguin             40     1   2  2  

4 vs 4 Defense
   Defense                  Defense                  Time % Phy DF OF 
 1 Kris Letang              Ryan McDonagh            60     1   2  2  
 2 Zdeno Chara              Alex Goligoski           40     1   2  2  

Last Minutes Offensive
   Center                   Left Wing                Right Wing               Defense                  Defense                  
   Mika Zibanejad           Matthew Tkachuk          Tyler Seguin             Kris Letang              Ryan McDonagh            

Last Minutes Defensive
   Center                   Left Wing                Right Wing               Defense                  Defense                  
   Mika Zibanejad           Matthew Tkachuk          Tyler Seguin             Kris Letang              Ryan McDonagh            

Goaltenders
Starting : Antti Raanta             
Backup : Jaroslav Halak           

Extra Forwards
Normal : Tyler Seguin, Travis Zajac, Vladislav Namestnikov - PP : Tyler Seguin, Travis Zajac - PK : Vladislav Namestnikov
Extra Defensemen
Normal : Johnny Boychuk, Josh Manson, Zdeno Chara - PP : Johnny Boychuk - PK : Josh Manson, Zdeno Chara
Penalty Shots
Mika Zibanejad, Jonathan Toews, Tyler Seguin, Matthew Tkachuk, Mike Hoffman

Scratches
None

BOSTON

5 vs 5 Forward 
   Center                   Left Wing                Right Wing               Time % Phy DF OF 
 1 William Nylander         Reilly Smith             Kevin Fiala              35     1   2  2  
 2 Ivan Barbashev           Ilya Kovalchuk           Blake Comeau             30     1   2  2  
 3 Casey Mittelstadt        Andrew Mangiapane        Miles Wood               25     1   2  2  
 4 Alexandre Texier         Victor Olofsson          Reilly Smith             10     1   2  2  

5 vs 5 Defense 
   Defense                  Defense                                           Time % Phy DF OF 
 1 Ivan Provorov            Miro Heiskanen                                    35     1   2  2  
 2 Alec Martinez            Filip Hronek                                      30     1   2  2  
 3 Philippe Myers           Juuso Valimaki                                    25     1   2  2  
 4 Ivan Provorov            Miro Heiskanen                                    10     1   2  2  

PowerPlay Forward 
   Center                   Left Wing                Right Wing               Time % Phy DF OF 
 1 William Nylander         Reilly Smith             Kevin Fiala              60     1   2  2  
 2 Ivan Barbashev           Ilya Kovalchuk           Blake Comeau             40     1   2  2  

PowerPlay Defense
   Defense                  Defense                                           Time % Phy DF OF 
 1 Ivan Provorov            Miro Heiskanen                                    60     1   2  2  
 2 Alec Martinez            Filip Hronek                                      40     1   2  2  

Penalty Kill 4 Players Forward 
   Center                   Wing                     Time % Phy DF OF 
 1 Reilly Smith             William Nylander         60     1   2  2  
 2 Kevin Fiala              Ilya Kovalchuk           40     1   2  2  

Penalty Kill 4 Players Defense
   Defense                  Defense                  Time % Phy DF OF 
 1 Ivan Provorov            Miro Heiskanen           60     1   2  2  
 2 Alec Martinez            Filip Hronek             40     1   2  2  

Penalty Kill - 3 Players Forward 
   Forward                                           Time % Phy DF OF 
 1 Reilly Smith                                      60     1   2  2  
 2 William Nylander                                  40     1   2  2  

Penalty Kill - 3 Players Defense
   Defense                  Defense                  Time % Phy DF OF 
 1 Ivan Provorov            Miro Heiskanen           60     1   2  2  
 2 Alec Martinez            Filip Hronek             40     1   2  2  

4 vs 4 Forward 
   Center                   Wing                     Time % Phy DF OF 
 1 Reilly Smith             William Nylander         60     1   2  2  
 2 Kevin Fiala              Ilya Kovalchuk           40     1   2  2  

4 vs 4 Defense
   Defense                  Defense                  Time % Phy DF OF 
 1 Ivan Provorov            Miro Heiskanen           60     1   2  2  
 2 Alec Martinez            Filip Hronek             40     1   2  2  

Last Minutes Offensive
   Center                   Left Wing                Right Wing               Defense                  Defense                  
   William Nylander         Reilly Smith             Kevin Fiala              Ivan Provorov            Miro Heiskanen           

Last Minutes Defensive
   Center                   Left Wing                Right Wing               Defense                  Defense                  
   William Nylander         Reilly Smith             Kevin Fiala              Ivan Provorov            Miro Heiskanen           

Goaltenders
Starting : Martin Jones             
Backup : Thatcher Demko           

Extra Forwards
Normal : Nicolas Roy, Aleksi Saarela, Andrew Mangiapane - PP : Nicolas Roy, Aleksi Saarela - PK : Andrew Mangiapane
Extra Defensemen
Normal : Philippe Myers, Juuso Valimaki, Alec Martinez - PP : Philippe Myers - PK : Juuso Valimaki, Alec Martinez
Penalty Shots
Reilly Smith, William Nylander, Kevin Fiala, Ilya Kovalchuk, Blake Comeau

Scratches
Filip Zadina (Healthy), BOS Cap Hit (Suspend), Robert Hagg (Healthy), Charlie Lindgren (Healthy)

% Time on Ice - LOS ANGELES

Lines # - Real PCT - Wanted PCT - Time Play
Normal Forward
1 - 32% - 40% - 14:32
2 - 29% - 35% - 13:17
3 - 25% - 20% - 11:21
4 - 14% - 5% - 6:16
Normal Defense
1 - 35% - 35% - 15:58
2 - 32% - 30% - 14:40
3 - 28% - 25% - 12:36
4 - 5% - 10% - 2:12
PP Forward
1 - 52% - 60% - 3:05
2 - 48% - 40% - 2:52
PP Defense
1 - 55% - 60% - 3:15
2 - 45% - 40% - 2:42
PK Forward
1 - 67% - 60% - 5:48
2 - 33% - 40% - 2:49
PK Defense
1 - 49% - 60% - 4:13
2 - 51% - 40% - 4:24
PK3 Forward
1 - 0% - 60%
2 - 0% - 40%
PK3 Defense
1 - 0% - 60%
2 - 0% - 40%
44 Forward
1 - 0% - 60%
2 - 0% - 40%
44 Defense
1 - 0% - 60%
2 - 0% - 40%
Last Minute Offensive  - 0:00
Last Minute Defensive  - 0:00
Total
Forward - 60:00
Defense - 60:00

% Time on Ice - BOSTON

Lines # - Real PCT - Wanted PCT - Time Play
Normal Forward
1 - 26% - 35% - 11:49
2 - 30% - 30% - 13:33
3 - 33% - 25% - 14:59
4 - 11% - 10% - 5:05
Normal Defense
1 - 32% - 35% - 14:38
2 - 31% - 30% - 14:15
3 - 32% - 25% - 14:20
4 - 5% - 10% - 2:13
PP Forward
1 - 57% - 60% - 4:57
2 - 43% - 40% - 3:40
PP Defense
1 - 50% - 60% - 4:18
2 - 50% - 40% - 4:19
PK Forward
1 - 67% - 60% - 3:59
2 - 33% - 40% - 1:58
PK Defense
1 - 58% - 60% - 3:26
2 - 42% - 40% - 2:31
PK3 Forward
1 - 0% - 60%
2 - 0% - 40%
PK3 Defense
1 - 0% - 60%
2 - 0% - 40%
44 Forward
1 - 0% - 60%
2 - 0% - 40%
44 Defense
1 - 0% - 60%
2 - 0% - 40%
Last Minute Offensive  - 0:00
Last Minute Defensive  - 0:00
Total
Forward - 60:00
Defense - 60:00

Play-by-Play

1st period


0:01 of 1st period - Mika Zibanejad wins face-off versus William Nylander in neutral zone.
0:09 of 1st period - Ryan McDonagh is hit by Kevin Fiala and loses puck.
0:35 of 1st period - Off-side.
0:36 of 1st period - Mike Hoffman wins face-off versus Ivan Barbashev in neutral zone.
1:11 of 1st period - Shot by Mike Hoffman.
1:11 of 1st period - Stopped by Martin Jones without a rebound.
1:12 of 1st period - Casey Mittelstadt wins face-off versus Travis Zajac in BOSTON zone.
2:40 of 1st period - Reilly Smith is hit by Matthew Tkachuk and loses puck.
3:22 of 1st period - Shot by Mike Hoffman.
3:22 of 1st period - Stopped by Martin Jones without a rebound.
3:23 of 1st period - Ivan Barbashev wins face-off versus Nick Cousins in BOSTON zone.
3:33 of 1st period - Ivan Barbashev is hit by Johnny Boychuk and loses puck.
3:46 of 1st period - Gabriel Bourque is hit by Blake Comeau and loses puck.
3:50 of 1st period - Icing by Riley Nash.
3:51 of 1st period - Riley Nash wins face-off versus Casey Mittelstadt in LOS ANGELES zone.
3:51 of 1st period - Johnny Boychuk is hit by Miles Wood and loses puck.
4:20 of 1st period - Casey Mittelstadt is hit by Riley Nash and loses puck.
4:49 of 1st period - Off-side.
4:50 of 1st period - Ivan Barbashev wins face-off versus Jonathan Toews in neutral zone.
5:05 of 1st period - Miro Heiskanen is hit by Mike Hoffman and loses puck.
5:56 of 1st period - Icing by Ryan McDonagh.
5:57 of 1st period - Jonathan Toews wins face-off versus Alexandre Texier in LOS ANGELES zone.
5:57 of 1st period - Jonathan Toews is hit by Victor Olofsson.
6:04 of 1st period - Off-side.
6:05 of 1st period - Casey Mittelstadt wins face-off versus Mika Zibanejad in neutral zone.
6:24 of 1st period - Icing by Zdeno Chara.
6:25 of 1st period - William Nylander wins face-off versus Mika Zibanejad in LOS ANGELES zone.
7:28 of 1st period - Icing by Filip Hronek.
7:29 of 1st period - Ivan Barbashev wins face-off versus Nick Cousins in BOSTON zone.
7:33 of 1st period - Alec Martinez is hit by Nick Cousins and loses puck.
7:37 of 1st period - Alec Martinez is hit by Gabriel Bourque and loses puck.
7:41 of 1st period - Filip Hronek is hit by Nick Cousins and loses puck.
7:56 of 1st period - Ilya Kovalchuk is hit by Kris Letang and loses puck.
8:29 of 1st period - Shot by Jonathan Toews.
8:29 of 1st period - Stopped by Martin Jones with a rebound.
8:31 of 1st period - Shot by Johnny Boychuk.
8:31 of 1st period - Shot Misses the Net.
8:38 of 1st period - Icing by Philippe Myers.
8:39 of 1st period - Casey Mittelstadt wins face-off versus Mika Zibanejad in BOSTON zone.
8:39 of 1st period - Andrew Mangiapane is hit by Matthew Tkachuk and loses puck.
8:50 of 1st period - Shot by Mika Zibanejad.
8:50 of 1st period - Shot Blocked by Miles Wood.
8:52 of 1st period - Shot by Zdeno Chara.
8:52 of 1st period - Deflect By Matthew Tkachuk.
8:52 of 1st period - Shot Blocked by Philippe Myers.
9:00 of 1st period - Shot by Tyler Seguin.
9:00 of 1st period - Stopped by Martin Jones without a rebound.
9:01 of 1st period - William Nylander wins face-off versus Vladislav Namestnikov in BOSTON zone.
9:40 of 1st period - Shot by Kevin Fiala.
9:40 of 1st period - Shot Misses the Net.
9:49 of 1st period - Icing by Travis Zajac.
9:50 of 1st period - Ivan Barbashev wins face-off versus Travis Zajac in LOS ANGELES zone.
10:41 of 1st period - Shot by Mika Zibanejad.
10:41 of 1st period - Goal by Mika Zibanejad - LOS ANGELES : 1 - BOSTON : 0.
10:42 of 1st period - Jonathan Toews wins face-off versus Casey Mittelstadt in neutral zone.
11:03 of 1st period - Shot by Andrew Mangiapane.
11:03 of 1st period - Shot Blocked by Zdeno Chara.
11:31 of 1st period - Miro Heiskanen is hit by Mike Hoffman and loses puck.
11:51 of 1st period - Shot by Kevin Fiala.
11:51 of 1st period - Shot Misses the Net.
12:13 of 1st period - Mika Zibanejad is hit by Ivan Provorov and loses puck.
12:42 of 1st period - Shot by Artem Anisimov.
12:42 of 1st period - Stopped by Martin Jones with a rebound.
12:44 of 1st period - Shot by Artem Anisimov.
12:44 of 1st period - Stopped by Martin Jones with a rebound.
12:46 of 1st period - Shot by Johnny Boychuk.
12:46 of 1st period - Deflect By Vladislav Namestnikov.
12:46 of 1st period - Goal by Vladislav Namestnikov - LOS ANGELES : 2 - BOSTON : 0.
12:47 of 1st period - Casey Mittelstadt wins face-off versus Nick Cousins in neutral zone.
13:07 of 1st period - Shot by Philippe Myers.
13:07 of 1st period - Shot Misses the Net.
13:13 of 1st period - Shot by Nick Cousins.
13:13 of 1st period - Shot Misses the Net.
13:31 of 1st period - Shot by Vladislav Namestnikov.
13:31 of 1st period - Shot Misses the Net.
13:33 of 1st period - Shot by Johnny Boychuk.
13:33 of 1st period - Shot Misses the Net.
13:35 of 1st period - Shot by Johnny Boychuk.
13:35 of 1st period - Deflect By Artem Anisimov.
13:35 of 1st period - Stopped by Martin Jones without a rebound.
13:36 of 1st period - Jonathan Toews wins face-off versus Ivan Barbashev in BOSTON zone.
13:51 of 1st period - Shot by Nick Bonino.
13:51 of 1st period - Deflect By Mike Hoffman.
13:51 of 1st period - Shot Misses the Net.
13:58 of 1st period - Nick Bonino is hit by Filip Hronek and loses puck.
14:51 of 1st period - Victor Olofsson is hit by Johnny Boychuk and loses puck.
14:57 of 1st period - Reilly Smith is hit by Johnny Boychuk and loses puck.
15:12 of 1st period - Shot by Matthew Tkachuk.
15:12 of 1st period - Stopped by Martin Jones without a rebound.
15:13 of 1st period - Travis Zajac wins face-off versus Casey Mittelstadt in BOSTON zone.
15:33 of 1st period - Icing by Zdeno Chara.
15:34 of 1st period - Ivan Barbashev wins face-off versus Artem Anisimov in LOS ANGELES zone.
15:39 of 1st period - Shot by Ivan Barbashev.
15:39 of 1st period - Deflect By Blake Comeau.
15:39 of 1st period - Goal by Blake Comeau - LOS ANGELES : 2 - BOSTON : 1.
15:40 of 1st period - Ivan Barbashev wins face-off versus Mika Zibanejad in neutral zone.
15:49 of 1st period - Shot by Blake Comeau.
15:49 of 1st period - Stopped by Antti Raanta with a rebound.
15:59 of 1st period - Off-side.
16:00 of 1st period - William Nylander wins face-off versus Jonathan Toews in neutral zone.
16:27 of 1st period - Shot by Reilly Smith.
16:27 of 1st period - Shot Misses the Net.
16:59 of 1st period - Shot by Mika Zibanejad.
16:59 of 1st period - Shot Misses the Net.
17:01 of 1st period - Shot by Tyler Seguin.
17:01 of 1st period - Shot Blocked by Alec Martinez.
17:11 of 1st period - Shot by Tyler Seguin.
17:11 of 1st period - Deflect By Mika Zibanejad.
17:11 of 1st period - Stopped by Martin Jones without a rebound.
17:12 of 1st period - Travis Zajac wins face-off versus Blake Comeau in BOSTON zone.
17:19 of 1st period - Shot by Vladislav Namestnikov.
17:19 of 1st period - Shot Misses the Net.
17:37 of 1st period - Shot by Johnny Boychuk.
17:37 of 1st period - Deflect By Artem Anisimov.
17:37 of 1st period - Stopped by Martin Jones without a rebound.
17:38 of 1st period - Casey Mittelstadt wins face-off versus Mika Zibanejad in BOSTON zone.
17:58 of 1st period - Shot by Miles Wood.
17:58 of 1st period - Stopped by Antti Raanta with a rebound.
18:00 of 1st period - Shot by Andrew Mangiapane.
18:00 of 1st period - Shot Misses the Net.
18:02 of 1st period - Shot by Andrew Mangiapane.
18:02 of 1st period - Shot Misses the Net.
18:04 of 1st period - Shot by Philippe Myers.
18:04 of 1st period - Stopped by Antti Raanta without a rebound.
18:05 of 1st period - Ivan Barbashev wins face-off versus Jonathan Toews in LOS ANGELES zone.
18:11 of 1st period - Icing by Zdeno Chara.
18:12 of 1st period - Ivan Barbashev wins face-off versus Mike Hoffman in LOS ANGELES zone.
18:28 of 1st period - Ilya Kovalchuk is hit by Zdeno Chara and loses puck.
18:35 of 1st period - Shot by Nick Bonino.
18:35 of 1st period - Shot Blocked by Ivan Provorov.
18:37 of 1st period - Shot by Jonathan Toews.
18:37 of 1st period - Shot Misses the Net.
19:04 of 1st period - Icing by Ryan McDonagh.
19:05 of 1st period - William Nylander wins face-off versus Mika Zibanejad in LOS ANGELES zone.
19:14 of 1st period - Shot by William Nylander.
19:14 of 1st period - Shot Misses the Net.
19:46 of 1st period - Shot by Matthew Tkachuk.
19:46 of 1st period - Stopped by Martin Jones without a rebound.
19:47 of 1st period - Travis Zajac wins face-off versus Casey Mittelstadt in BOSTON zone.
Goals for this period are 2 for LOS ANGELES vs 1 for BOSTON.
Shots for this period are 13 for LOS ANGELES vs 4 for BOSTON.

2nd period


0:01 of 2nd period - Mika Zibanejad wins face-off versus William Nylander in neutral zone.
0:08 of 2nd period - Ivan Provorov is hit by Matthew Tkachuk and loses puck.
1:06 of 2nd period - Icing by Alex Goligoski.
1:07 of 2nd period - Mike Hoffman wins face-off versus Casey Mittelstadt in LOS ANGELES zone.
1:15 of 2nd period - Off-side.
1:16 of 2nd period - Travis Zajac wins face-off versus Ivan Barbashev in neutral zone.
1:27 of 2nd period - Shot by Vladislav Namestnikov.
1:27 of 2nd period - Shot Blocked by Ilya Kovalchuk.
1:29 of 2nd period - Shot by Alex Goligoski.
1:29 of 2nd period - Stopped by Martin Jones without a rebound.
1:30 of 2nd period - Jonathan Toews wins face-off versus Casey Mittelstadt in BOSTON zone.
2:08 of 2nd period - Double Minor Penalty to Johnny Boychuk for Slashing.
2:09 of 2nd period - Reilly Smith wins face-off versus Mika Zibanejad in LOS ANGELES zone.
2:44 of 2nd period - Shot by Ivan Provorov.
2:44 of 2nd period - Shot Blocked by Ryan McDonagh.
4:21 of 2nd period - Shot by Filip Hronek.
4:21 of 2nd period - Shot Blocked by Kris Letang.
4:23 of 2nd period - Shot by Ivan Barbashev.
4:23 of 2nd period - Stopped by Antti Raanta without a rebound.
4:24 of 2nd period - Mika Zibanejad wins face-off versus Ivan Barbashev in LOS ANGELES zone.
4:39 of 2nd period - Shot by Ivan Provorov.
4:39 of 2nd period - Stopped by Antti Raanta without a rebound.
4:40 of 2nd period - William Nylander wins face-off versus Mika Zibanejad in LOS ANGELES zone.
4:49 of 2nd period - Shot by Filip Hronek.
4:49 of 2nd period - Shot Misses the Net.
4:51 of 2nd period - Shot by Alec Martinez.
4:51 of 2nd period - Stopped by Antti Raanta without a rebound.
4:52 of 2nd period - Ivan Barbashev wins face-off versus Mika Zibanejad in LOS ANGELES zone.
5:13 of 2nd period - Shot by Blake Comeau.
5:13 of 2nd period - Deflect By Ivan Barbashev.
5:13 of 2nd period - Stopped by Antti Raanta without a rebound.
5:14 of 2nd period - William Nylander wins face-off versus Matthew Tkachuk in LOS ANGELES zone.
5:27 of 2nd period - Shot by Miro Heiskanen.
5:27 of 2nd period - Shot Blocked by Tyler Seguin.
5:34 of 2nd period - Icing by Reilly Smith.
5:35 of 2nd period - William Nylander wins face-off versus Mika Zibanejad in BOSTON zone.
5:50 of 2nd period - Shot by Miro Heiskanen.
5:50 of 2nd period - Shot Blocked by Mika Zibanejad.
6:01 of 2nd period - Off-side.
6:02 of 2nd period - Matthew Tkachuk wins face-off versus Ivan Barbashev in neutral zone.
6:09 of 2nd period - Icing by Filip Hronek.
6:10 of 2nd period - Travis Zajac wins face-off versus Casey Mittelstadt in BOSTON zone.
6:10 of 2nd period - Kris Letang is hit by Philippe Myers and loses puck.
7:16 of 2nd period - Shot by Tyler Seguin.
7:16 of 2nd period - Stopped by Martin Jones without a rebound.
7:16 of 2nd period - Minor Penalty to Philippe Myers for Cross-checking.
7:17 of 2nd period - Jonathan Toews wins face-off versus Reilly Smith in BOSTON zone.
7:42 of 2nd period - Shot by Zdeno Chara.
7:42 of 2nd period - Shot Misses the Net.
8:06 of 2nd period - Shot by Matthew Tkachuk.
8:06 of 2nd period - Stopped by Martin Jones without a rebound.
8:07 of 2nd period - Mika Zibanejad wins face-off versus Kevin Fiala in BOSTON zone.
8:10 of 2nd period - Shot by Mika Zibanejad.
8:10 of 2nd period - Shot Misses the Net.
9:19 of 2nd period - Shot by Johnny Boychuk.
9:19 of 2nd period - Shot Misses the Net.
9:25 of 2nd period - Shot by Vladislav Namestnikov.
9:25 of 2nd period - Shot Blocked by Philippe Myers.
9:27 of 2nd period - Shot by Josh Manson.
9:27 of 2nd period - Shot Blocked by Philippe Myers.
9:56 of 2nd period - Icing by Travis Zajac.
9:57 of 2nd period - Vladislav Namestnikov wins face-off versus Ivan Barbashev in LOS ANGELES zone.
9:57 of 2nd period - Vladislav Namestnikov is hit by Blake Comeau.
10:32 of 2nd period - Filip Hronek is hit by Matthew Tkachuk and loses puck.
10:37 of 2nd period - Kris Letang is hit by Blake Comeau.
10:42 of 2nd period - Off-side.
10:43 of 2nd period - Jonathan Toews wins face-off versus William Nylander in neutral zone.
10:45 of 2nd period - Alex Goligoski is hit by Ivan Provorov and loses puck.
10:50 of 2nd period - Shot by Jonathan Toews.
10:50 of 2nd period - Stopped by Martin Jones with a rebound.
11:00 of 2nd period - Shot by Mike Hoffman.
11:00 of 2nd period - Goal by Mike Hoffman - LOS ANGELES : 3 - BOSTON : 1.
11:01 of 2nd period - Mika Zibanejad wins face-off versus Casey Mittelstadt in neutral zone.
11:06 of 2nd period - Shot by Matthew Tkachuk.
11:06 of 2nd period - Stopped by Martin Jones without a rebound.
11:07 of 2nd period - Mika Zibanejad wins face-off versus William Nylander in BOSTON zone.
11:16 of 2nd period - Shot by Mika Zibanejad.
11:16 of 2nd period - Shot Misses the Net.
11:40 of 2nd period - Shot by Kris Letang.
11:40 of 2nd period - Stopped by Martin Jones without a rebound.
11:41 of 2nd period - Jonathan Toews wins face-off versus Ivan Barbashev in BOSTON zone.
12:45 of 2nd period - Shot by Mika Zibanejad.
12:45 of 2nd period - Stopped by Martin Jones without a rebound.
12:46 of 2nd period - William Nylander wins face-off versus Mika Zibanejad in BOSTON zone.
12:46 of 2nd period - William Nylander is hit by Tyler Seguin.
12:47 of 2nd period - Minor Penalty to Matthew Tkachuk for Interference.
12:48 of 2nd period - William Nylander wins face-off versus Mika Zibanejad in LOS ANGELES zone.
12:51 of 2nd period - Shot by Ivan Provorov.
12:51 of 2nd period - Stopped by Antti Raanta without a rebound.
12:52 of 2nd period - Mika Zibanejad wins face-off versus William Nylander in LOS ANGELES zone.
13:28 of 2nd period - Shot by William Nylander.
13:28 of 2nd period - Deflect By Reilly Smith.
13:28 of 2nd period - Shot Blocked by Ryan McDonagh.
13:30 of 2nd period - Shot by Reilly Smith.
13:30 of 2nd period - Shot Misses the Net.
13:32 of 2nd period - Shot by Reilly Smith.
13:32 of 2nd period - Shot Misses the Net.
13:34 of 2nd period - Shot by Reilly Smith.
13:34 of 2nd period - Stopped by Antti Raanta with a rebound.
13:56 of 2nd period - Shot by Blake Comeau.
13:56 of 2nd period - Deflect By Ilya Kovalchuk.
13:56 of 2nd period - Stopped by Antti Raanta without a rebound.
13:57 of 2nd period - Mika Zibanejad wins face-off versus Reilly Smith in LOS ANGELES zone.
14:52 of 2nd period - Shot by Nick Cousins.
14:52 of 2nd period - Stopped by Martin Jones without a rebound.
14:53 of 2nd period - Nick Cousins wins face-off versus Casey Mittelstadt in BOSTON zone.
14:53 of 2nd period - Johnny Boychuk is hit by Philippe Myers and loses puck.
15:01 of 2nd period - Minor Penalty to Philippe Myers for Holding.
15:02 of 2nd period - Reilly Smith wins face-off versus Mika Zibanejad in BOSTON zone.
15:02 of 2nd period - Reilly Smith is hit by Tyler Seguin.
15:24 of 2nd period - Shot by Kris Letang.
15:24 of 2nd period - Stopped by Martin Jones without a rebound.
15:25 of 2nd period - Jonathan Toews wins face-off versus Kevin Fiala in BOSTON zone.
15:26 of 2nd period - Shot by Mike Hoffman.
15:26 of 2nd period - Stopped by Martin Jones without a rebound.
15:27 of 2nd period - Reilly Smith wins face-off versus Jonathan Toews in BOSTON zone.
16:01 of 2nd period - Shot by Mike Hoffman.
16:01 of 2nd period - Shot Misses the Net.
16:03 of 2nd period - Shot by Ryan McDonagh.
16:03 of 2nd period - Shot Misses the Net.
16:28 of 2nd period - Icing by Alex Goligoski.
16:29 of 2nd period - Mika Zibanejad wins face-off versus Reilly Smith in LOS ANGELES zone.
17:27 of 2nd period - Icing by Juuso Valimaki.
17:28 of 2nd period - Casey Mittelstadt wins face-off versus Jonathan Toews in BOSTON zone.
17:28 of 2nd period - Casey Mittelstadt is hit by Jonathan Toews.
17:44 of 2nd period - Shot by Jonathan Toews.
17:44 of 2nd period - Shot Misses the Net.
17:46 of 2nd period - Shot by Nick Bonino.
17:46 of 2nd period - Stopped by Martin Jones without a rebound.
17:47 of 2nd period - Mika Zibanejad wins face-off versus Ivan Barbashev in BOSTON zone.
18:28 of 2nd period - Shot by Ivan Barbashev.
18:28 of 2nd period - Shot Misses the Net.
19:04 of 2nd period - Shot by Mike Hoffman.
19:04 of 2nd period - Shot Misses the Net.
19:14 of 2nd period - Shot by Nick Bonino.
19:14 of 2nd period - Stopped by Martin Jones without a rebound.
19:15 of 2nd period - Travis Zajac wins face-off versus Miles Wood in BOSTON zone.
19:15 of 2nd period - Vladislav Namestnikov is hit by Philippe Myers and loses puck.
19:28 of 2nd period - Shot by Miles Wood.
19:28 of 2nd period - Stopped by Antti Raanta without a rebound.
19:29 of 2nd period - Nick Cousins wins face-off versus William Nylander in LOS ANGELES zone.
Goals for this period are 1 for LOS ANGELES vs 0 for BOSTON.
Shots for this period are 13 for LOS ANGELES vs 8 for BOSTON.

3rd period


0:01 of 3rd period - Mika Zibanejad wins face-off versus William Nylander in neutral zone.
0:06 of 3rd period - Shot by Tyler Seguin.
0:06 of 3rd period - Stopped by Martin Jones without a rebound.
0:07 of 3rd period - Mika Zibanejad wins face-off versus William Nylander in BOSTON zone.
0:10 of 3rd period - Shot by Mika Zibanejad.
0:10 of 3rd period - Shot Blocked by Miro Heiskanen.
0:12 of 3rd period - Shot by Tyler Seguin.
0:12 of 3rd period - Shot Misses the Net.
0:14 of 3rd period - Shot by Kris Letang.
0:14 of 3rd period - Stopped by Martin Jones without a rebound.
0:15 of 3rd period - Mika Zibanejad wins face-off versus William Nylander in BOSTON zone.
0:22 of 3rd period - Mika Zibanejad is hit by Ivan Provorov and loses puck.
0:44 of 3rd period - Mika Zibanejad is hit by Miro Heiskanen and loses puck.
0:48 of 3rd period - Mika Zibanejad is hit by Ivan Provorov and loses puck.
0:55 of 3rd period - Shot by Tyler Seguin.
0:55 of 3rd period - Stopped by Martin Jones without a rebound.
0:56 of 3rd period - Ivan Barbashev wins face-off versus Jonathan Toews in BOSTON zone.
1:21 of 3rd period - Shot by Ilya Kovalchuk.
1:21 of 3rd period - Deflect By Blake Comeau.
1:21 of 3rd period - Stopped by Antti Raanta without a rebound.
1:22 of 3rd period - Travis Zajac wins face-off versus Casey Mittelstadt in LOS ANGELES zone.
1:22 of 3rd period - Travis Zajac is hit by Andrew Mangiapane.
2:08 of 3rd period - Icing by Juuso Valimaki.
2:09 of 3rd period - Mika Zibanejad wins face-off versus Andrew Mangiapane in BOSTON zone.
2:16 of 3rd period - Shot by Mika Zibanejad.
2:16 of 3rd period - Deflect By Tyler Seguin.
2:16 of 3rd period - Shot Misses the Net.
3:00 of 3rd period - Andrew Mangiapane is hit by Alex Goligoski and loses puck.
3:16 of 3rd period - William Nylander is hit by Alex Goligoski and loses puck.
3:31 of 3rd period - Minor Penalty to Mike Hoffman for Holding.
3:32 of 3rd period - Ivan Barbashev wins face-off versus Mika Zibanejad in LOS ANGELES zone.
4:06 of 3rd period - Ryan McDonagh is hit by Blake Comeau and loses puck.
4:11 of 3rd period - Shot by Blake Comeau.
4:11 of 3rd period - Goal by Blake Comeau - LOS ANGELES : 3 - BOSTON : 2.
4:12 of 3rd period - William Nylander wins face-off versus Travis Zajac in neutral zone.
4:48 of 3rd period - Shot by Josh Manson.
4:48 of 3rd period - Stopped by Martin Jones without a rebound.
4:49 of 3rd period - Nick Cousins wins face-off versus Ivan Barbashev in BOSTON zone.
5:13 of 3rd period - Shot by Ivan Barbashev.
5:13 of 3rd period - Deflect By Ilya Kovalchuk.
5:13 of 3rd period - Goal by Ilya Kovalchuk - LOS ANGELES : 3 - BOSTON : 3.
5:14 of 3rd period - Alexandre Texier wins face-off versus Mika Zibanejad in neutral zone.
5:21 of 3rd period - Shot by Reilly Smith.
5:21 of 3rd period - Shot Blocked by Kris Letang.
5:23 of 3rd period - Shot by Reilly Smith.
5:23 of 3rd period - Shot Blocked by Ryan McDonagh.
5:25 of 3rd period - Shot by Reilly Smith.
5:25 of 3rd period - Shot Blocked by Ryan McDonagh.
6:48 of 3rd period - Shot by Nick Bonino.
6:48 of 3rd period - Shot Misses the Net.
7:19 of 3rd period - Artem Anisimov is hit by Juuso Valimaki and loses puck.
7:20 of 3rd period - Minor Penalty to Juuso Valimaki for Slashing.
7:21 of 3rd period - Reilly Smith wins face-off versus Mika Zibanejad in BOSTON zone.
7:38 of 3rd period - Shot by Matthew Tkachuk.
7:38 of 3rd period - Shot Blocked by Miro Heiskanen.
8:21 of 3rd period - Shot by Alex Goligoski.
8:21 of 3rd period - Stopped by Martin Jones without a rebound.
8:22 of 3rd period - Jonathan Toews wins face-off versus Reilly Smith in BOSTON zone.
9:03 of 3rd period - Alex Goligoski is hit by Reilly Smith and loses puck.
9:17 of 3rd period - Shot by Zdeno Chara.
9:17 of 3rd period - Stopped by Martin Jones without a rebound.
9:18 of 3rd period - Mika Zibanejad wins face-off versus Kevin Fiala in BOSTON zone.
9:21 of 3rd period - Shot by Tyler Seguin.
9:21 of 3rd period - Shot Blocked by Philippe Myers.
9:55 of 3rd period - Shot by Vladislav Namestnikov.
9:55 of 3rd period - Shot Blocked by Juuso Valimaki.
9:57 of 3rd period - Shot by Johnny Boychuk.
9:57 of 3rd period - Stopped by Martin Jones without a rebound.
9:58 of 3rd period - Mika Zibanejad wins face-off versus Andrew Mangiapane in BOSTON zone.
10:06 of 3rd period - Miles Wood is hit by Matthew Tkachuk and loses puck.
10:16 of 3rd period - Minor Penalty to Zdeno Chara for Cross-checking.
10:17 of 3rd period - Kevin Fiala wins face-off versus Mika Zibanejad in LOS ANGELES zone.
10:21 of 3rd period - William Nylander is hit by Kris Letang and loses puck.
11:33 of 3rd period - Shot by Miro Heiskanen.
11:33 of 3rd period - Stopped by Antti Raanta with a rebound.
11:35 of 3rd period - Shot by Ivan Barbashev.
11:35 of 3rd period - Shot Misses the Net.
12:52 of 3rd period - Kris Letang is hit by Philippe Myers and loses puck.
13:23 of 3rd period - Shot by Ivan Barbashev.
13:23 of 3rd period - Stopped by Antti Raanta with a rebound.
13:30 of 3rd period - Ilya Kovalchuk is hit by Johnny Boychuk and loses puck.
14:28 of 3rd period - Shot by Nick Bonino.
14:28 of 3rd period - Stopped by Martin Jones without a rebound.
14:29 of 3rd period - Casey Mittelstadt wins face-off versus Mika Zibanejad in BOSTON zone.
14:31 of 3rd period - Andrew Mangiapane is hit by Tyler Seguin and loses puck.
16:05 of 3rd period - Kris Letang is hit by Filip Hronek and loses puck.
17:03 of 3rd period - Vladislav Namestnikov is hit by Miro Heiskanen and loses puck.
17:14 of 3rd period - Shot by Vladislav Namestnikov.
17:14 of 3rd period - Stopped by Martin Jones without a rebound.
17:15 of 3rd period - Alexandre Texier wins face-off versus Jonathan Toews in BOSTON zone.
18:33 of 3rd period - Icing by Ivan Provorov.
18:34 of 3rd period - William Nylander wins face-off versus Vladislav Namestnikov in BOSTON zone.
18:34 of 3rd period - William Nylander is hit by Vladislav Namestnikov.
19:21 of 3rd period - Shot by Philippe Myers.
19:21 of 3rd period - Stopped by Antti Raanta without a rebound.
19:22 of 3rd period - Miles Wood wins face-off versus Matthew Tkachuk in LOS ANGELES zone.
19:31 of 3rd period - Shot by Miles Wood.
19:31 of 3rd period - Stopped by Antti Raanta without a rebound.
19:32 of 3rd period - Alexandre Texier wins face-off versus Jonathan Toews in LOS ANGELES zone.
19:46 of 3rd period - Reilly Smith is hit by Jonathan Toews and loses puck.
Goals for this period are 0 for LOS ANGELES vs 2 for BOSTON.
Shots for this period are 9 for LOS ANGELES vs 7 for BOSTON.

Overtime #1


0:01 of 1st overtime period - Alexandre Texier wins face-off versus Jonathan Toews in neutral zone.
0:04 of 1st overtime period - Shot by Juuso Valimaki.
0:04 of 1st overtime period - Stopped by Antti Raanta without a rebound.
0:05 of 1st overtime period - Jonathan Toews wins face-off versus Alexandre Texier in LOS ANGELES zone.
1:02 of 1st overtime period - Shot by Kevin Fiala.
1:02 of 1st overtime period - Shot Misses the Net.
1:04 of 1st overtime period - Shot by Miro Heiskanen.
1:04 of 1st overtime period - Shot Misses the Net.
1:28 of 1st overtime period - Shot by Mike Hoffman.
1:28 of 1st overtime period - Stopped by Martin Jones without a rebound.
1:29 of 1st overtime period - Jonathan Toews wins face-off versus Alexandre Texier in BOSTON zone.
3:36 of 1st overtime period - Shot by Alexandre Texier.
3:36 of 1st overtime period - Shot Misses the Net.
4:10 of 1st overtime period - Shot by Alec Martinez.
4:10 of 1st overtime period - Shot Misses the Net.
4:22 of 1st overtime period - Shot by Mike Hoffman.
4:22 of 1st overtime period - Shot Misses the Net.
4:24 of 1st overtime period - Shot by Nick Bonino.
4:24 of 1st overtime period - Stopped by Martin Jones without a rebound.
4:25 of 1st overtime period - Victor Olofsson wins face-off versus Nick Bonino in BOSTON zone.
4:25 of 1st overtime period - Victor Olofsson is hit by Nick Bonino.
4:52 of 1st overtime period - Icing by Juuso Valimaki.
4:53 of 1st overtime period - Victor Olofsson wins face-off versus Nick Bonino in BOSTON zone.
Goals for this period are 0 for LOS ANGELES vs 0 for BOSTON.
Shots for this period are 2 for LOS ANGELES vs 1 for BOSTON.

ShootOut


5:00 of 1st overtime period - Round #1.
5:00 of 1st overtime period - LOS ANGELES, Mika Zibanejad.
5:00 of 1st overtime period - Goal by Mika Zibanejad.
5:00 of 1st overtime period - BOSTON, Reilly Smith.
5:00 of 1st overtime period - Stopped by Antti Raanta.
5:00 of 1st overtime period - Round #2.
5:00 of 1st overtime period - LOS ANGELES, Jonathan Toews.
5:00 of 1st overtime period - Goal by Jonathan Toews.
5:00 of 1st overtime period - BOSTON, William Nylander.
5:00 of 1st overtime period - Stopped by Antti Raanta.
5:00 of 1st overtime period - Round #3.